 Dungeon Crawl Stone Soup version 0.24.0-37-gcf1ca852f1 (webtiles) character file.

Game seed: 3548234005725590090, levelgen mode: deterministic

20 PentaManta the Cudgeler (level 2, -1/19 HPs)
             Began as a Gargoyle Monk on Dec 2, 2019.
             Slain by Robin
             ... wielding a +0 spear
              (3 damage)
             ... on level 2 of the Dungeon.
             The game lasted 00:02:04 (1026 turns).

PentaManta the Cudgeler (Gargoyle Monk)             Turns: 1026, Time: 00:02:05

Health: -1/19      AC:  8    Str: 14    XL:     2   Next: 79%
Magic:  2/2        EV: 12    Int: 10    God:
Gold:   120        SH:  0    Dex: 12    Spells: 1/1 levels left

rFire    . . .     SeeInvis .   g - +0 whip
rCold    . . .     Gourm    .   (no shield)
rNeg     + + .     Faith    .   d - +0 leather armour
rPois    ∞         Spirit   .   (no helmet)
rElec    +         Reflect  .   (no cloak)
rCorr    .         Harm     .   a - +0 pair of gloves
MR       .....                  f - +0 pair of boots
Stlth    ++........             (no amulet)
HPRegen  0.06/turn              i - ring of positive energy
MPRegen  0.08/turn              (no ring)

@: no status effects
A: negative energy resistance 1, electricity resistance, unbreathing,
petrification resistance, rot immunity, AC +2
a: no special abilities


You were on level 2 of the Dungeon.
You were not hungry.

You visited 1 branch of the dungeon, and saw 2 of its levels.

You collected 120 gold pieces.

Inventory:

Hand Weapons
 g - a +0 whip (weapon)
 k - a +0 flail
Armour
 a - a +0 pair of gloves (worn)
 d - a +0 leather armour (worn)
 f - a +0 pair of boots (worn)
Jewellery
 i - a ring of positive energy (left hand)
Scrolls
 b - a scroll of teleportation
 j - 2 scrolls of fog
Potions
 e - 2 potions of lignification {unknown}
 h - 2 potions of brilliance {unknown}
Comestibles
 c - 4 rations


   Skills:
 - Level 3.2 Fighting
 * Level 3.5 Maces & Flails
 + Level 1.0 Armour
 + Level 2.6 Dodging
 - Level 2.1 Stealth


You had one spell level left.
You didn't know any spells.
Your spell library contained the following spells:

 Spells                   Type           Power        Failure   Level  Hunger
 Confusing Touch          Hex            #.....       43%         1    ##.....
 Confuse                  Hex            #.......     80%         3    ####...
 Gell's Gravitas          Tloc           #.........   80%         3    ####...
 Petrify                  Tmut/Erth      #.......     99%         4    #####..
 Metabolic Englaciation   Hex/Ice        #.........   100%        5    ######.
 Yara's Violent Unravell  Hex/Tmut       #.........   100%        5    ######.


Dungeon Overview and Level Annotations

Branches:
Dungeon (2/15)

Altars:

Annotations:
D:2 Robin


Innate Abilities, Weirdness & Mutations

You are resistant to torment.
Your stone body is resilient. (AC +2)
You are immune to poison.
You resist negative energy. (rN+)
You are resistant to electric shocks. (rElec)
You can survive without breathing.
You are immune to petrification.
You are immune to rotting.


Message History

The hobgoblin barely misses you. The goblin hits you but does no damage.
You hit the goblin.
You kill the goblin!
The goblin hits you but does no damage. Robin hits you but does no damage.
The hobgoblin hits you. The goblin hits you. The goblin closely misses you.
Robin throws the goblin at you! The goblin hits you but does no damage.
Items here: $ ( )) [ † You hit the goblin.
You kill the goblin!
The goblin misses you. The goblin barely misses you.
Robin throws the goblin at you! The goblin hits you with a +0 dagger.
* * * LOW HITPOINT WARNING * * *
You closely miss the goblin. The goblin hits you with a +0 dagger.
* * * LOW HITPOINT WARNING * * *
The goblin closely misses you. x2
You barely miss the goblin. The goblin barely misses you.
The goblin hits you but does no damage.
Robin hits you from afar with a +0 spear.
You die...

#.........# #(###........#
#.........###<###....#.####
#.........##^.............#
#...<.....##.....(...#.####
####....####...........#
######.##...........#'####
................>#........#
########.#.....#g#........#
#.####(.#@#........# #..
#.ggg#........# ##.#
#...gg...######
.###...lg.### .##.........#
.##.....(...# #.........#
#.........# #.#.......#


You could see Robin, a leopard gecko, 3 hobgoblins and 3 goblins.

Vanquished Creatures
  6 bats
  2 giant cockroaches (D:1)
  4 goblins
  A hobgoblin (D:2)
  A frilled lizard (D:1)
  3 kobolds (D:1)
  2 rats (D:1)
19 creatures vanquished.

Notes
Turn   | Place    | Note
-------+----------+-------------------------------------------
     0 | D:1      | PentaManta the Gargoyle Monk began the quest for the Orb.
     0 | D:1      | Reached XP level 1. HP: 14/14 MP: 1/1
   341 | D:1      | Reached XP level 2. HP: 18/19 MP: 2/2
  1007 | D:2      | Noticed Robin
  1021 | D:2      | Reached skill level 1 in Armour
  1026 | D:2      | Slain by Robin

Levels and vault maps discovered:
D:1:      ncdulo_smallfort, layout_basic, minmay_strange_pillars,
          palyth_stone_intersect
D:2:      layout_basic, chequers_ecumenical_altar_grove, first_ration,
          st_stairs_9, uniq_terence, uniq_robin

Skill      XL: |  1  2 |
---------------+-------+-----
Armour         | 1 |  1.0
Fighting       | |  3.2
Maces & Flails | |  3.5
Dodging        | |  2.6
Stealth        | |  2.1

Action                   || total
-------------------------++-------
Melee: Mace              ||     8
       Whip              ||    29
       Flail             ||    10
  Use: Scroll            ||     2
 Stab: Sleeping          ||     2
Armor: Robe              ||    23
       Leather armour    ||    16
Dodge: Dodged            ||    56
